 Dungeon Crawl Stone Soup version 0.23.2-30-g0e89c35 (webtiles) character file.

Game seed: 10511564086402328713

3380 Fortress the Arsonist (level 9, -7/68 HPs)
             Began as a Black Draconian Fire Elementalist on June 25, 2019.
             Was an Elder of Sif Muna.
             Killed from afar by a gargoyle (14 damage)
             ... with a stone arrow
             ... on level 8 of the Dungeon.
             The game lasted 00:34:03 (8690 turns).

Fortress the Arsonist (DrFE)                        Turns: 8690, Time: 00:34:04

Health: -7/68      AC:  8    Str: 15    XL:     9   Next: 74%
Magic:  16/20      EV: 12    Int: 19    God:    Sif Muna [****..]
Gold:   267        SH:  0    Dex: 11    Spells: 17/23 levels left

rFire    . . .     SeeInvis .   c - +2 short sword (venom)
rCold    . . .     Gourm    .   (no shield)
rNeg     + . .     Faith    .   (armour unavailable)
rPois    .         Spirit   .   (helmet restricted)
rElec    +         Reflect  .   (no cloak)
rCorr    .         Harm     .   f - +0 pair of gloves
MR       .....                  (no boots)
Stlth    ++........             D - amulet of the acrobat
HPRegen  0.21/turn              v - +4 ring of strength
MPRegen  0.17/turn              A - ring of positive energy

@: about to teleport
A: breathe lightning, unfitting armour, electricity resistance, cold-blooded, AC
+7
a: Breathe Lightning, Divine Energy, Channel Magic, Forget Spell, Renounce
Religion


You were on level 8 of the Dungeon.
You worshipped Sif Muna.
Sif Muna was greatly pleased with you.
You were very hungry.

You visited 2 branches of the dungeon, and saw 9 of its levels.

You collected 474 gold pieces.
You spent 207 gold pieces at shops.

Inventory:

Hand Weapons
 c - a +2 short sword of venom (weapon)
 d - a +2 short sword of draining
 p - a cursed +0 mace
Missiles
 a - 191 stones (quivered)
 g - 28 poisoned needles
 h - 56 sling bullets
 G - 6 poisoned tomahawks
Armour
 f - a +0 pair of gloves (worn)
Jewellery
 v - a +4 ring of strength (left hand)
 A - a ring of positive energy (right hand)
 D - an amulet of the acrobat (around neck)
Wands
 u - a wand of scattershot (7)
Scrolls
 e - a scroll of noise {unknown}
 i - a scroll of blinking {unknown}
 j - 4 scrolls of identify
 l - 3 scrolls of enchant weapon
 o - a scroll of magic mapping
 q - 4 scrolls of remove curse
 r - 2 scrolls of fear
 t - a scroll of amnesia {unknown}
 y - a scroll of teleportation
 C - a scroll of immolation {unknown}
 E - a scroll of random uselessness {unknown}
 H - a scroll of enchant armour {unknown}
Potions
 k - 2 potions of haste
 m - 5 potions of curing
 n - a potion of resistance
 s - 6 potions of agility
 w - 2 potions of heal wounds
 x - 4 potions of might
 z - 2 potions of lignification
 B - a potion of magic {unknown}
 F - a potion of degeneration {unknown}
 I - a potion of mutation {unknown}
Comestibles
 b - 21 rations


   Skills:
 + Level 2.9 Fighting
 - Level 2.0 Dodging
 - Level 2.0 Stealth
 - Level 7.8 Spellcasting
 - Level 7.4 Conjurations
 - Level 8.3 Fire Magic


You had 17 spell levels left.
You knew the following spells:

 Your Spells              Type           Power        Failure   Level  Hunger
a - Flame Tongue          Conj/Fire      #####        1%          1    None
b - Throw Flame           Conj/Fire      #####.       1%          2    None
c - Conjure Flame         Conj/Fire      #####...     1%          3    #......

Your spell library contained the following spells:

 Spells                   Type           Power        Failure   Level  Hunger
 Sticky Flame             Conj/Fire      #####...     3%          4    ###....
 Inner Flame              Hex/Fire       ###.....     4%          3    #......
 Fireball                 Conj/Fire      #####.....   10%         5    #####..


Dungeon Overview and Level Annotations

Branches:
Dungeon (8/15)             Temple (1/1) D:5
   Lair: D:8-11

Altars:
Ashenzari
Cheibriados
Dithmenos
Elyvilon
Fedhas
Gozag
Hepliaklqana
Kikubaaqudgha
Makhleb
Nemelex Xobeh
Okawaru
Qazlal
Ru
Sif Muna
Trog
Uskayaw
Vehumet
Wu Jian
Xom
Yredelemnul
Zin
The Shining One

Shops:
D:5 *   D:6 ?


Innate Abilities, Weirdness & Mutations

You can breathe wild blasts of lightning.
Your glossy black scales are hard. (AC +7)
You cannot fit into any form of body armour.
You are resistant to electric shocks. (rElec)
You are cold-blooded and may be slowed by cold attacks.


Message History

The flame tongue hits the gargoyle but does no damage.
The gargoyle hits you but does no damage.
Casting: Flame Tongue (safe; 1% risk of failure)
Confirm with . or Enter, or press ? or * to list all spells.
Aiming: Flame Tongue (safe; 1% risk of failure)
Press: ? - help, Shift-Dir - straight line, f/p - gargoyle
Aim: a gargoyle, wielding a +1 morningstar of protection The flame tongue hits the gargoyle but does no damage.
The gargoyle hits you but does no damage.
As you read the scroll of teleportation, it crumbles to dust.
You feel strangely unstable.
You hit the gargoyle.
You tail-slap the gargoyle, but do no damage.
The gargoyle is lightly damaged.
The gargoyle hurls a stone arrow at you.
The stone arrow hits you!!
* * * LOW HITPOINT WARNING * * *
The gargoyle hurls a stone arrow at you.
The stone arrow hits you!
You die...

####################
#.9@...............#
#.################.#
#. #.# #. #.# #. #.#
#o #.# #. ..#####)#
#> ........#
..####..#


You could see a gargoyle.

Vanquished Creatures
  2 hippogriffs (D:7)
  A spriggan (D:7)
  A wyvern (D:8)
  An ice beast (D:8)
  3 ogres
  2 black bears
  A necrophage (D:6)
  2 orc warriors
  2 phantoms
  4 centaurs
  A big kobold (D:7)
  A bullfrog (D:8)
  2 scorpions
  5 wights (D:6)
  4 howler monkeys (D:7)
  2 crimson imps
  2 centaur zombies
  3 hounds
  A jelly (D:6)
  4 iguanas
  6 orc wizards
  6 worker ants
  A howler monkey skeleton (D:6)
  8 adders
  2 shadow imps
  2 oozes (D:2)
  3 worms
  4 dart slugs
  6 leopard geckos
  13 orcs
  6 giant cockroaches
  7 goblins
  7 hobgoblins
  4 jackals (D:8)
  A quokka (D:4)
  13 bats
  7 frilled lizards
  11 kobolds
  3 quokka skeletons (D:4)
  A quokka zombie (D:6)
  4 rats
159 creatures vanquished.

Notes
Turn   | Place    | Note
-------+----------+-------------------------------------------
     0 | D:1      | Fortress the Draconian Fire Elementalist began the quest
                  | for the Orb.
     0 | D:1      | Reached XP level 1. HP: 14/14 MP: 3/3
   377 | D:1      | Reached XP level 2. HP: 20/20 MP: 1/5
   813 | D:1      | Reached XP level 3. HP: 21/26 MP: 1/6
  1690 | D:2      | Found a blossoming altar of Fedhas.
  1865 | D:2      | Found a sparkling altar of Nemelex Xobeh.
  1871 | D:2      | Reached XP level 4. HP: 32/33 MP: 2/8
  2452 | D:3      | Reached skill level 4 in Fire Magic
  2769 | D:3      | Found an ornate altar of the Wu Jian Council.
  2771 | D:3      | Found an opulent altar of Gozag.
  2781 | D:3      | Found a stormy altar of Qazlal.
  2781 | D:3      | Found a bloodstained altar of Trog.
  2781 | D:3      | Found a shadowy altar of Dithmenos.
  2782 | D:3      | Found a glowing silver altar of Zin.
  2787 | D:3      | Found a deep blue altar of Sif Muna.
  2798 | D:3      | Became a worshipper of Sif Muna the Loreminder
  3130 | D:4      | Reached XP level 5. HP: 21/38 MP: 2/9
  3456 | D:4      | Reached XP level 6. HP: 32/45 MP: 3/11
  3572 | D:4      | Reached * piety under Sif Muna
  3857 | D:4      | Reached skill level 5 in Fire Magic
  4205 | D:5      | Entered Level 5 of the Dungeon
  4205 | D:5      | Found a sacrificial altar of Ru.
  4207 | D:5      | Your scales start taking on a glossy black colour.
  4207 | D:5      | Reached XP level 7. HP: 50/50 MP: 11/13
  4207 | D:5      | Gained mutation: You are resistant to electric shocks.
                  | (rElec) [Black Draconian growth]
  4331 | D:5      | Found a staircase to the Ecumenical Temple.
  4341 | Temple   | Entered the Ecumenical Temple
  4632 | D:5      | Found Ifula's General Store.
  4635 | D:5      | Bought a scroll of identify for 30 gold pieces
  4635 | D:5      | Bought a scroll of remove curse for 45 gold pieces
  4736 | D:5      | Found a sparkling altar of Nemelex Xobeh.
  4836 | D:5      | Found an ancient bone altar of Kikubaaqudgha.
  4973 | D:6      | Reached skill level 5 in Spellcasting
  5046 | D:6      | Learned a level 2 spell: Throw Flame
  5050 | D:6      | Learned a level 3 spell: Conjure Flame
  5111 | D:6      | Reached ** piety under Sif Muna
  5275 | D:6      | Reached skill level 6 in Fire Magic
  5291 | D:6      | Reached skill level 5 in Conjurations
  5291 | D:6      | Reached XP level 8. HP: 44/57 MP: 12/16
  5384 | D:6      | Found Zafo's Magic Scroll Emporium.
  5387 | D:6      | Bought a scroll of fear for 42 gold pieces
  5387 | D:6      | Bought a scroll of enchant weapon for 90 gold pieces
  6502 | D:7      | Noticed a hippogriff
  6513 | D:7      | Killed a hippogriff
  6513 | D:7      | Reached *** piety under Sif Muna
  6513 | D:7      | Reached skill level 7 in Fire Magic
  6778 | D:7      | Noticed a hippogriff
  7006 | D:7      | Reached XP level 9. HP: 38/62 MP: 19/19
  7715 | D:7      | Reached **** piety under Sif Muna
  8093 | D:8      | Reached skill level 8 in Fire Magic
  8421 | D:8      | Reached skill level 1 in Fighting
  8614 | D:8      | Found a hide-covered altar of Uskayaw.
  8682 | D:8      | Noticed a gargoyle
  8690 | D:8      | Killed from afar by a gargoyle

Skill      XL: |  1  2  3  4  5  6  7  8  9 |
---------------+----------------------------+-----
Dodging        | 2 |  2.0
Conjurations   | 2 3 5 6 7 |  7.4
Stealth        | 2 |  2.0
Fire Magic     | 4 5 6 7 8 |  8.3
Spellcasting   | 3 4 5 6 7 |  7.8
Fighting       | 2 |  2.9

Action                   |  1- 3 |  4- 6 |  7- 9 || total
-------------------------+-------+-------+-------++-------
Melee: Unarmed           |     7 |       |       ||     7
       Tailslap          |     1 |     7 |    11 ||    19
       Short sword       |    26 |    39 |    99 ||   164
 Cast: Flame Tongue      |    65 |    81 |   232 ||   378
       Conjure Flame     |       |       |     6 ||     6
       Throw Flame       |       |       |     1 ||     1
Invok: Divine Energy     |       |       |     1 ||     1
       Stop Divine Energ |       |       |     1 ||     1
 Abil: Breathe Lightning |       |       |     1 ||     1
  Use: Scroll            |       |       |    12 ||    12
       Potion            |       |       |     1 ||     1
  Eat: Chunk             |     3 |     6 |     5 ||    14
       Ration            |       |       |     3 ||     3
Armor: Skin              |    26 |    11 |    96 ||   133
Dodge: Dodged            |    58 |    40 |   113 ||   211
